 Dungeon Crawl Stone Soup version 0.31-a0-1074-g0b22e4e0f1 (webtiles) character file.

Game seed: 9292526837976948756

2794 sammy202020 the Ruffian (level 9, 0/88 (89) HPs)
             Began as a Troll Shapeshifter on Nov 27, 2023.
             Slain by a hound (4 damage)
             ... on level 7 of the Dungeon.
             The game lasted 00:06:54 (5043 turns).

sammy202020 the Ruffian (Troll Shapeshifter)        Turns: 5043, Time: 00:06:55

HP:   0/88 (89)     AC:  4    Str: 24    XL:     9   Next: 43%
MP:   8/8           EV: 10    Int: 10    God:
Gold: 306           SH:  5    Dex:  9    Spells: 8/8 levels left

rFire   . .          .
                       - Unarmed
rCold   + . .        (no shield)
rNeg    . . .        a - +0 animal skin
rPois   .            (helmet currently unavailable)
rElec   .            (cloak currently unavailable)
rCorr   +            (gloves unavailable)
SInv    .            (boots unavailable)
Will    .....        q - amulet of reflection
Stlth   +            f - ring of protection from cold
HPRegen 1.14/turn    j - ring of resist corrosion
MPRegen 0.11/turn

%: reflection
@: beast-form, lightly drained
A: beast (slay +4), large, unfitting armour, claws 3, regeneration 1, shaggy fur
1, tough skin 1, hooves 1
a: Begin Untransformation


You were on level 7 of the Dungeon.
You were a hulking beast.
You visited 2 branches of the dungeon, and saw 8 of its levels.

You collected 306 gold pieces.

Inventory:

Hand Weapons
 g - a +0 mace
Armour
 a - a +0 animal skin (worn)
 p - a +0 cloak
Jewellery
 e - a ring of flight
 f - a ring of protection from cold (left claw)
 i - a ring of ice
 j - a ring of resist corrosion (right claw)
 q - an amulet of reflection (around neck)
 u - a +6 ring of intelligence
 v - a +6 ring of intelligence
Talismans
 c - a beast talisman
 d - a flux talisman
Wands
 s - a wand of roots (12)
Scrolls
 b - 3 scrolls of fog
 h - 2 scrolls of teleportation
 l - 3 scrolls of fear
 n - a scroll of identify
 t - a scroll of amnesia
 x - a scroll of revelation {unknown}
Potions
 k - a potion of magic
 m - 2 potions of enlightenment
 r - a potion of invisibility
 w - 2 potions of curing
 z - a potion of cancellation {unknown}


   Skills:
 * Level 5.8 Fighting
 + Level 4.4 Dodging
 * Level 7.5 Unarmed Combat
 * Level 7.0 Shapeshifting


You had 8 spell levels left.
You didn't know any spells.
Your spell library contained the following spells:

 Spells                   Type           Power      Damage    Failure   Level
 Magic Dart               Conj           0%         1d3       36%         1
 Searing Ray              Conj           0%         2d4       50%         2
 Frozen Ramparts          Ice            0%         1d1       75%         3
 Tukima's Dance           Hex            0%         N/A       75%         3
 Dimensional Bullseye     Hex/Tloc       0%         N/A       98%         4
 Fulminant Prism          Conj/Hex       0%         3d5       98%         4
 Iskenderun's Mystic Bla  Conj/Tloc      0%         2d3       98%         4
 Petrify                  Tmut/Erth      0%         N/A       98%         4
 Metabolic Englaciation   Hex/Ice        0%         N/A       100%        5


Dungeon Overview and Level Annotations

Branches:
Dungeon (7/15)             Temple (1/1) D:7

Altars:
Cheibriados
Dithmenos
Elyvilon
Hepliaklqana
Makhleb
Okawaru
Qazlal
Sif Muna
Trog
Xom
Yredelemnul
Zin
The Shining One


Innate Abilities, Weirdness & Mutations

You are a hulking beast.
Your limbs bulge with bestial killing power. (Slay +4)
You are too large for most types of armour.
You have claws for hands.
Your natural rate of healing is unusually fast.
You are covered in fur. (AC +1)
You have tough skin. (AC +1)
You have large cloven feet.


Message History

Maggie is moderately wounded.
The hound barely misses you.
Maggie casts a spell.
Maggie attempts to bespell you!
You are mesmerised by Maggie!
An orc warrior comes into view. It is wielding a +0 trident.
You claw Maggie!
Maggie is heavily wounded.
The hound bites you but does no damage.
Maggie hits you with a +1 halberd of draining.
You feel drained.
The orc wizard mumbles some strange words.
The orc wizard flickers and vanishes!
The hound bites you.
You claw Maggie! Your kick misses Maggie.
Maggie is severely wounded.
Maggie hits you with a +1 halberd of draining!
You feel drained.
The hound pauses to sniff the ground.
The hound bites you.
* * * LOW HITPOINT WARNING * * *
You claw Maggie! Your kick misses Maggie.
Maggie is almost dead.
The hound bites you.
* * * LOW HITPOINT WARNING * * *
Maggie hits you with a +1 halberd of draining!
* * * LOW HITPOINT WARNING * * *
You feel drained.
* * * LOW HITPOINT WARNING * * *
You claw Maggie!
You break out of your daze!
You kill Maggie!
The hound bites you.
* * * LOW HITPOINT WARNING * * *
The hound bites you.
* * * LOW HITPOINT WARNING * * *
Your Shapeshifting skill increases to level 7!
Okay, then.
The hound attacks as it pursues you! The hound barely misses you.
The hound attacks as it pursues you! The hound misses you. The hound bites you.
You die...

######.#.# #.....
#........# #..##.
#.####.#.#
##..##. #. #.#.#
#...... #. #.#..
..#..... #.##
#.######.#.###
######..###.#
###....
............#
#####
###..##h##### #
####.o##h...!# #
.....o)......#
...
###.#.)......[...
.....
#..........####
##.##
##.###.....# #[
#. #.###.# # ).
#.# #.# .# ..#
#.# #(# #.#


You could see a hound.

Vanquished Creatures
  Maggie (D:7)
  Prince Ribbit (D:5)
  A hornet (D:7)
  Grinder (D:3)
  A wraith (D:7)
  Menkaure (D:7)
  A black bear (D:5)
  An orc warrior (D:6)
  2 ice beasts
  A sky beast (D:6)
  A centaur (D:6)
  A bullfrog (D:6)
  A scorpion (D:4)
  6 killer bees (D:6)
  2 howler monkeys
  2 hounds
  2 gnoll boudas
  2 jellies
  3 orc priests
  3 iguanas
  2 orc wizards
  10 adders
  8 gnolls
  2 shadow imps (D:7)
  A white imp (D:5)
  2 ufetubi (D:6)
  5 dart slugs
  2 worms
  6 orcs
  7 bats
  4 endoplasms
  4 giant cockroaches
  10 goblins
  10 hobgoblins
  7 jackals
  2 quokkas
  8 ball pythons
  6 frilled lizards
  4 kobolds
  5 rats
139 creatures vanquished.

Notes
Turn   | Place    | Note
-------+----------+-------------------------------------------
     0 | D:1      | sammy202020 the Troll Shapeshifter began the quest for the
                  | Orb.
     0 | D:1      | Reached XP level 1. HP: 18/18 MP: 0/0
   142 | D:1      | Reached skill level 1 in Fighting
   162 | D:1      | Reached XP level 2. HP: 27/27 MP: 1/1
   423 | D:1      | Reached XP level 3. HP: 33/33 MP: 2/2
  1250 | D:2      | Reached XP level 4. HP: 35/42 MP: 3/3
  2068 | D:3      | Noticed Grinder
  2073 | D:3      | Killed Grinder
  2074 | D:3      | Reached XP level 5. HP: 46/50 MP: 4/4
  2074 | D:3      | Reached XP level 6. HP: 54/59 MP: 5/5
  2091 | D:3      | Gained mutation: You have large cloven feet. [potion of
                  | mutation]
  2129 | D:4      | Found a hazy altar of Hepliaklqana.
  2708 | D:5      | Entered Level 5 of the Dungeon
  2712 | D:5      | Noticed an ice beast
  2728 | D:5      | Killed an ice beast
  2729 | D:5      | Reached skill level 5 in Unarmed Combat
  2729 | D:5      | Reached XP level 7. HP: 7/67 MP: 6/6
  2812 | D:5      | Noticed Prince Ribbit
  2830 | D:5      | HP: 3/67 [Prince Ribbit (7)]
  2833 | D:5      | Killed Prince Ribbit
  2834 | D:5      | Reached skill level 5 in Shapeshifting
  3081 | D:5      | Reached XP level 8. HP: 73/78 MP: 7/7
  3382 | D:6      | Found a white marble altar of Elyvilon.
  3652 | D:6      | Reached skill level 5 in Fighting
  4214 | D:6      | Found a shimmering blue altar of Sif Muna.
  4558 | D:7      | Reached XP level 9. HP: 76/88 MP: 8/8
  4590 | D:7      | Noticed Menkaure
  4592 | D:7      | Found a shadowy altar of Dithmenos.
  4598 | D:7      | Killed Menkaure
  4696 | D:7      | Paralysed by a hornet for 2 turns
  4905 | D:7      | Found a staircase to the Ecumenical Temple.
  4914 | Temple   | Entered the Ecumenical Temple
  5028 | D:7      | Noticed Maggie
  5041 | D:7      | Killed Maggie
  5041 | D:7      | HP: 2/76 [hound (3)]
  5043 | D:7      | Slain by a hound

Illustrated notes

Levels and vault maps discovered:
D:1:      sevenhm_arrival_forest_fort_large_4, layout_basic,
          chequers_serial_rivers_micro_e, chequers_big_river
D:2:      minmay_diamond_boxcup, layout_basic
D:3:      layout_basic, uniq_grinder
D:4:      layout_cave_pools, amcnicky_altar_gilded
D:5:      layout_cave_pools, uniq_prince_ribbit1
D:6:      layout_basic, nicolae_sif_muna_little_library,
          mainiacjoe_overflow_surrounded_room
D:7:      layout_loops_ring, lemuel_crystal_altar, lemuel_temple_firewalk_a,
          uniq_maggie, uniq_menkaure
Temple:   hellmonk_temple_rainy

Skill      XL: |  1  2  3  4  5  6  7  8  9 |
---------------+----------------------------+-----
Fighting       | 1 2 3 4 5 |  5.8
Dodging        | 2 3 4 |  4.4
Unarmed Combat | 4 5 7 |  7.5
Shapeshifting  | 4 5 6 7 |  7.0

Action                     |  1- 3 |  4- 6 |  7- 9 || total
---------------------------+-------+-------+-------++-------
  Melee: Unarmed           |   100 |   100 |   159 ||   359
         Punch             |     2 |     4 |     5 ||    11
         Kick              |       |     5 |    30 ||    35
    Use: Scroll            |     2 |     4 |     4 ||    10
         Potion            |     2 |     7 |     3 ||    12
 Armour: Animal skin       |    66 |    55 |   138 ||   259
         Skin              |       |    13 |     2 ||    15
  Dodge: Dodged            |    39 |    46 |   108 ||   193
  Block: Other             |       |       |    29 ||    29

Table legend: (Time is in decaauts)
 A = Elapsed time spent in this place.
 B = Non-inter-level travel time spent in this place.
 C = Inter-level travel time spent in this place.
 D = Time resting spent in this place.
 E = Time spent auto-exploring this place.
 F = Levels seen in this place.
 G = Mean time per level.
                   A        B        C        D        E       F      G
               +--------+--------+--------+--------+--------+-----+--------+
         Total |   4994 |   4974 |     20 |    207 |   3639 |   8 |  624.2 |
       Dungeon |   4952 |   4932 |     20 |    207 |   3639 |   7 |  707.4 |
        Temple |     41 |     41 |      0 |      0 |      0 |   1 |   41.0 |
               +--------+--------+--------+--------+--------+-----+--------+

Top non-repeatable levels by time:
     D:6: 1030 daAuts
     D:1: 936 daAuts
     D:3: 687 daAuts
     D:7: 666 daAuts
     D:5: 583 daAuts
     D:4: 571 daAuts
     D:2: 477 daAuts
  Temple: 41 daAuts
